 Dungeon Crawl Stone Soup version 0.13-a0-2657-gc1edc70 (webtiles) character file.

1385 ReeallyStein the Basher (level 8, -6/48 HPs)
             Began as a Gargoyle Fighter on Aug 10, 2013.
             Mangled by an orc warrior
             ... wielding a +1,+3 orcish flail
              (12 damage)
             ... on Level 6 of the Dungeon.
             The game lasted 00:31:56 (5079 turns).

ReeallyStein the Basher (Gargoyle Fighter)          Turns: 5079, Time: 00:31:56

HP  -6/48        AC 13     Str 21      XL: 8   Next: 29%
MP   7/7         EV  6     Int 11      God:
Gold 305         SH 18     Dex  9      Spells:  0 memorised,  7 levels left

Res.Fire  : . . .   See Invis. : .   B - +0 dwarf flail
Res.Cold  : . . .   Warding    : .   b - +0 scale mail
Life Prot.: + . .   Conserve   : .   c - +0 shield
Res.Poison: +       Res.Corr.  : .   (no helmet)
Res.Elec. : +       Clarity    : .   j - +0 cloak
Sust.Abil.: . .     Spirit.Shd : .   (no gloves)
Res.Mut.  : .       Stasis     : .   (no boots)
Res.Rott. : +       Flight     : .   (no amulet)
Saprovore : . . .                    u - ring of wizardry
                                     n - +1 ring of intelligence

@: slightly resistant to hostile enchantments, extremely unstealthy
A: fangs 1, talons 2, life protection 1, electricity resistance, slow metabolism
1, unbreathing, petrification resistance, AC +5
a: no special abilities


You were on level 6 of the Dungeon.
You were not hungry.

You visited 1 branch of the dungeon, and saw 6 of its levels.

You collected 324 gold pieces.
You spent 39 gold pieces at shops.

Inventory:

Hand weapons
 B - a +0,+0 dwarven flail (weapon)
Missiles
 g - 15 stones (quivered)
Armour
 b - a +0 scale mail (worn)
 c - a +0 shield (worn)
 j - a +0 cloak (worn)
Comestibles
 d - 6 bread rations
 l - 6 chunks of centaur flesh
 m - 12 strawberries
 x - 3 meat rations
Scrolls
 a - a scroll of blinking {unknown}
 e - 3 scrolls of enchant weapon I {unknown}
 f - 3 scrolls of amnesia {unknown}
 k - a scroll of remove curse
 o - a scroll of recharging {unknown}
 q - 3 scrolls of enchant weapon II {unknown}
 r - 2 scrolls of magic mapping {unknown}
 s - 3 scrolls of teleportation {unknown}
 t - a scroll of noise {unknown}
 w - a scroll of fear {unknown}
 y - a scroll of identify
Jewellery
 n - a +1 ring of intelligence (left hand)
 u - a ring of wizardry (right hand)
 A - an uncursed ring of wizardry
Potions
 h - a potion of resistance
 i - 2 potions of brilliance
 v - a potion of restore abilities
 z - 2 potions of curing
Books
 p - a book of Debilitation

   Spells                             Type                      Level
   Corona                             Hexes                        1
   Slow                               Hexes                        2
   Inner Flame                        Hexes/Fire                   3
   Enslavement                        Hexes                        4
   Cause Fear                         Hexes                        4
   Leda's Liquefaction                Hexes/Earth                  4


   Skills:
 - Level 3.2 Fighting
 + Level 10.3 Maces & Flails
 - Level 3.2 Armour
 + Level 3.8 Shields


You had 7 spell levels left.
You didn't know any spells.

Dungeon Overview and Level Annotations

Branches:
Dungeon (6/27)                Orc (0/4) D:6
 Temple: D:4-7

Altars:
Ashenzari
Nemelex Xobeh
Zin

Shops:
D:4: * D:5: }


Innate Abilities, Weirdness & Mutations

You are resistant to torment.
You are immune to poison.
Your stone body is very resilient (AC +5).
You have very sharp teeth.
You have razor-sharp toenails.
You resist negative energy.
You are resistant to electric shocks.
You have a slow metabolism.
You can survive without breathing.
You are immune to petrification.


Message History

The orc warrior is severely wounded.
You block the orc warrior's attack.
You closely miss the orc warrior.
The orc warrior is severely wounded.
You block the orc warrior's attack.
You sock the orc warrior! You claw the orc warrior.
You bite the orc warrior, but do no damage.
The orc warrior is almost dead.
You block the orc warrior's attack.
You closely miss the orc warrior.
The orc warrior is almost dead.
The orc warrior hits you with an orcish flail!
* * * LOW HITPOINT WARNING * * *
You closely miss the orc warrior.
You claw the orc warrior, but do no damage.
The orc warrior is almost dead.
You barely miss the orc warrior.
The orc warrior is almost dead.
The orc warrior hits you with an orcish flail!
You die...

.......................>.........
.........#.......................
#.......###......................
.......## ##.....................
......## ##....................
.......## ##............<........
........###............).........
#.#......#.............).........
##.#............@................
##............o.................
#..............................
#.#........(...................
####.......#...................
#.....(###..................
#......## ##.................
#.##..## ##...............# #.#
#...# ##........#........


You could see an orc warrior.

Vanquished Creatures
  The ghost of schwarznadel the Skirmisher, an average DsFi (D:4)
  A centaur (D:6)
  A giant frog (D:6)
  A goliath beetle (D:5)
  5 crimson imps
  A hound (D:4)
  An iguana (D:4)
  4 orc wizards
  2 scorpions
  2 orc priests
  6 worker ants
  11 adders
  2 worms
  A giant eyeball (D:6)
  2 giant geckos
  15 orcs
  2 ball pythons
  A bat skeleton (D:5)
  12 goblins
  5 hobgoblins
  6 jackals
  3 quokkas
  13 bats
  A giant newt (D:5)
  11 kobolds
  5 rats
  A rat skeleton (D:5)
116 creatures vanquished.

Vanquished Creatures (others)
  A kobold (D:5)
1 creature vanquished.

Grand Total: 117 creatures vanquished

Notes
Turn   | Place    | Note
--------------------------------------------------------------
     0 | D:1      | ReeallyStein, the Gargoyle Fighter, began the quest for the Orb.
     0 | D:1      | Reached XP level 1. HP: 14/14 MP: 0/0
   354 | D:1      | Reached XP level 2. HP: 19/19 MP: 1/1
   785 | D:2      | Reached skill level 4 in Maces & Flails
   785 | D:2      | Reached XP level 3. HP: 24/24 MP: 2/2
  1073 | D:2      | Reached XP level 4. HP: 23/28 MP: 3/3
  1255 | D:3      | Found a sparkling altar of Nemelex Xobeh.
  1353 | D:3      | Reached skill level 5 in Maces & Flails
  1720 | D:3      | Reached XP level 5. HP: 10/33 MP: 4/4
  2280 | D:4      | Reached skill level 6 in Maces & Flails
  2418 | D:4      | Noticed schwarznadel's ghost (average DsFi)
  2515 | D:5      | Entered Level 5 of the Dungeon
  2563 | D:4      | Found Vael's General Store.
  2586 | D:4      | Bought a scroll of remove curse for 39 gold pieces
  2761 | D:4      | Found a shattered altar of Ashenzari.
  2761 | D:4      | Found a glowing silver altar of Zin.
  2883 | D:5      | Reached XP level 6. HP: 38/38 MP: 5/5
  2956 | D:5      | Reached skill level 7 in Maces & Flails
  3261 | D:5      | Found Kais' Gadget Shoppe.
  3436 | D:6      | Found a staircase to the Orcish Mines.
  3831 | D:6      | Reached skill level 8 in Maces & Flails
  3831 | D:6      | Reached XP level 7. HP: 42/42 MP: 6/6
  4394 | D:4      | Killed schwarznadel's ghost
  4394 | D:4      | Reached skill level 9 in Maces & Flails
  4686 | D:6      | Paralysed by a giant eyeball for 3 turns
  4753 | D:6      | Reached XP level 8. HP: 34/48 MP: 7/7
  4908 | D:6      | Reached skill level 10 in Maces & Flails
  5079 | D:6      | Mangled by an orc warrior

Action                   |  1- 3 |  4- 6 |  7- 9 || total
-------------------------+-------+-------+-------++-------
Melee: Mace              |    84 |   112 |       ||   196
       Flail             |       |   116 |   162 ||   278
Throw: Stone             |       |     1 |     3 ||     4
  Use: Potion            |       |     3 |     5 ||     8
       Scroll            |       |     5 |       ||     5
